 Dungeon Crawl Stone Soup version 0.24.0-41-g2ae2f7f1be (webtiles) character file.

Game seed: 9865179720163763649, levelgen mode: deterministic

266 Delamore the Cleaver (level 6, -5/51 HPs)
             Began as a Hill Orc Fighter on Dec 14, 2019.
             Was a Priest of Qazlal.
             Slain by an ogre
             ... wielding a +0 giant club
              (19 damage)
             ... on level 4 of the Dungeon.
             The game lasted 00:03:01 (2512 turns).

Delamore the Cleaver (Hill Orc Fighter)             Turns: 2512, Time: 00:03:01

Health: -5/51      AC:  5    Str: 21    XL:     6   Next: 20%
Magic:  6/6        EV:  8    Int:  8    God:    Qazlal [***...]
Gold:   112        SH: 12    Dex: 10    Spells: 5/5 levels left

rFire    . . .     SeeInvis .   a - +0 war axe
rCold    . . .     Gourm    .   c - +0 shield
rNeg     . . .     Faith    .   w - +1 robe "Duisto" {Slay+3}
rPois    +         Spirit   .   (no helmet)
rElec    .         Reflect  .   s - +1 cloak {rPois}
rCorr    .         Harm     .   (no gloves)
MR       .....                  (no boots)
Stlth    +.........             (no amulet)
HPRegen  0.17/turn              (no ring)
MPRegen  0.10/turn              (no ring)

@: no status effects
A: no striking features
a: Upheaval, Elemental Force, Renounce Religion


You were on level 4 of the Dungeon.
You worshipped Qazlal.
Qazlal was most pleased with you.
You were not hungry.

You visited 1 branch of the dungeon, and saw 4 of its levels.

You collected 112 gold pieces.

Inventory:

Hand Weapons
 a - a +0 war axe (weapon)
Armour
 b - a +0 scale mail
 c - a +0 shield (worn)
 s - a +1 cloak of poison resistance (worn)
 w - the +1 robe "Duisto" (worn) {Slay+3}
   (You found it on level 4 of the Dungeon)

   It affects your accuracy and damage with ranged weapons and melee attacks
   (+3).
Jewellery
 x - a +6 ring of strength
Scrolls
 i - 6 scrolls of identify {unknown}
 j - 3 scrolls of remove curse {unknown}
 k - 2 scrolls of enchant armour {unknown}
 l - 2 scrolls of teleportation {unknown}
 m - a scroll of noise {unknown}
 n - 2 scrolls of magic mapping {unknown}
 p - a scroll of immolation {unknown}
 q - a scroll of amnesia {unknown}
 r - a scroll of fog {unknown}
 u - a scroll of blinking {unknown}
Potions
 d - a potion of might
 e - 2 potions of magic {unknown}
 g - a potion of cancellation {unknown}
 h - 2 potions of curing {unknown}
 o - a potion of degeneration {unknown}
 t - a potion of haste {unknown}
Comestibles
 f - 5 rations
 v - 2 chunks of flesh


   Skills:
 - Level 3.6 Fighting
 + Level 8.4 Axes
 - Level 3.2 Armour
 - Level 3.2 Shields


You had 5 spell levels left.
You didn't know any spells.
Your spell library was empty.

Dungeon Overview and Level Annotations

Branches:
Dungeon (4/15)
 Temple: D:4-7

Altars:
Qazlal
Uskayaw
Vehumet


Message History

You barely miss the ogre.
The ogre hits you with a +0 giant club!!
Ouch! That really hurt!
* * * LOW HITPOINT WARNING * * *
You are too injured to fight recklessly!
You are too injured to fight recklessly!
You are too injured to fight recklessly!
You are too injured to fight recklessly!
You barely miss the ogre.
Okay, then.
You hit the ogre.
The ogre is lightly wounded.
You block the ogre's attack.
You completely miss the ogre.
The ogre is lightly wounded.
You block the ogre's attack.
You slash the ogre!
The ogre is moderately wounded.
The ogre hits you with a +0 giant club!!
You die...

#.#..# ..# #.#..#
..#### #.#..# ......
#.#..########......
#.#...)..)....# .
#.....######.##......
#.....######.#.......
#......##...........
#...@○.##.##.#......
#....O....##.##.....
######.......##....#
### #...######>####
..# ##..#######÷####
#.# #..............#
#.# #...#######.##.#
#.# #####....# #.##.#
#.# #####.<......#
#.##.#


You could see an ogre.

Vanquished Creatures
  A hound (D:4)
  Crazy Yiuf (D:3)
  An orc priest (D:3)
  An orc wizard (D:4)
  3 adders
  An ooze (D:3)
  5 worms
  2 dart slugs
  3 leopard geckos (D:2)
  9 orcs
  5 giant cockroaches
  11 hobgoblins
  8 jackals
  7 kobolds
  A quokka (D:3)
  A ball python (D:4)
  10 bats
  5 frilled lizards
  9 goblins
  6 rats
90 creatures vanquished.

Notes
Turn   | Place    | Note
-------+----------+-------------------------------------------
     0 | D:1      | Delamore the Hill Orc Fighter began the quest for the Orb.
     0 | D:1      | Reached XP level 1. HP: 19/19 MP: 1/1
     7 | D:1      | Reached skill level 3 in Axes
    41 | D:1      | Reached XP level 2. HP: 26/26 MP: 2/2
   152 | D:1      | Reached skill level 4 in Axes
   320 | D:1      | Reached XP level 3. HP: 31/31 MP: 3/3
   711 | D:2      | Reached skill level 5 in Axes
   875 | D:2      | Found a faded altar of an unknown god.
   950 | D:2      | Became a worshipper of Qazlal Stormbringer
   950 | D:2      | Reached * piety under Qazlal
  1048 | D:2      | Reached XP level 4. HP: 39/39 MP: 4/4
  1293 | D:2      | Found a radiant altar of Vehumet.
  1605 | D:3      | Reached skill level 6 in Axes
  1627 | D:3      | Reached ** piety under Qazlal
  1737 | D:3      | Found a hide-covered altar of Uskayaw.
  1777 | D:3      | Found a runed translucent door.
  1778 | D:3      | Noticed Crazy Yiuf
  1786 | D:3      | Killed Crazy Yiuf
  1786 | D:3      | Reached XP level 5. HP: 31/45 MP: 5/5
  1912 | D:3      | Reached skill level 7 in Axes
  2434 | D:4      | Reached skill level 8 in Axes
  2434 | D:4      | Reached XP level 6. HP: 46/51 MP: 6/6
  2449 | D:4      | Got an ichor-stained robe
  2460 | D:4      | Identified the +1 robe "Duisto" {Slay+3} (You found it on
                  | level 4 of the Dungeon)
  2493 | D:4      | Reached *** piety under Qazlal
  2512 | D:4      | Slain by an ogre

Levels and vault maps discovered:
D:1:      dpeg_arrival_refuge, layout_loops_ring, minmay_door_square
D:2:      minmay_general_purpose_star, layout_basic, lemuel_doored_altar,
          chequers_ecumenical_altar_grove, minmay_misc_feat_secret_circle,
          moated_statue, minmay_pentomino_p2
D:3:      layout_basic, nicolae_overflow_crystal_walls, uniq_crazy_yiuf_cottage
D:4:      layout_loops_ring, minmay_temple_entry_statues_fountains,
          kb_xom_exploding_sheep, uniq_duvessa

Skill      XL: |  1  2  3  4  5 |
---------------+----------------+-----
Axes           | 3 4 5 6 8 |  8.4
Fighting       | |  3.6
Armour         | |  3.2
Shields        | |  3.2

Action                   |  1- 3 |  4- 6 || total
-------------------------+-------+-------++-------
Melee: War axe           |    89 |   171 ||   260
  Eat: Chunk             |     1 |     5 ||     6
Armor: Scale mail        |    45 |    62 ||   107
       Robe              |       |     5 ||     5
Dodge: Dodged            |    25 |    37 ||    62
Block: Shield            |    50 |   113 ||   163
